 Dungeon Sprint DCSS version 0.29-a0-789-g7a8fcbc185 (webtiles) character file.

Game seed: 13339958483505873537

312 mhtbhm the Fighter (level 6, -1/111 HPs)
             Began as an Ogre Fighter on July 2, 2022.
             Was a Follower of Okawaru.
             Slain by a sky beast (5 damage)
             ... in the Dungeon (Sprint VII: "The Pits").
             The game lasted 00:01:18 (613 turns).

mhtbhm the Fighter (Ogre Fighter)                    Turns: 613, Time: 00:01:19

Health: -1/111     AC:  3    Str: 23    XL:     6   Next: 42%
Magic:  6/8        EV:  9    Int:  9    God:    Okawaru [*.....]
Gold:   0          SH:  8    Dex:  8    Spells: 5/5 levels left

rFire   . . .      SeeInvis .   a - +1 hand axe (freeze)
rCold   . . .      Faith    .   c - +0 kite shield
rNeg    . . .      Spirit   .   b - +0 robe
rPois   .          Reflect  .   (helmet restricted)
rElec   .          Harm     .   (no cloak)
rCorr   .          Rampage  .   (gloves unavailable)
Will    .....      NoTele   +   (boots unavailable)
Stlth   ..........              (no amulet)
HPRegen 0.28/turn               (no ring)
MPRegen 0.11/turn               (no ring)

@: berserking (expiring), very quick
A: large, unfitting armour, tough skin 1
a: Renounce Religion, Heroism


You were in the Dungeon.
You worshipped Okawaru.
Okawaru was aware of your devotion.
You visited 1 branch

Inventory:

Hand Weapons
 a - a +1 hand axe of freezing (weapon)
Armour
 b - a +0 robe (worn)
 c - a +0 kite shield (worn)
Scrolls
 j - a scroll of blinking
 l - 5 scrolls of amnesia
Potions
 d - a potion of might
 e - 6 potions of curing
 f - 4 potions of heal wounds
 g - a potion of haste
 h - 4 potions of magic
 i - 2 potions of berserk rage
 k - 2 potions of invisibility


   Skills:
 + Level 8.6 Fighting
 + Level 7.5 Axes
 + Level 5.9 Dodging
 + Level 1.1 Stealth
 + Level 6.4 Shields
 * Level 3.9 Invocations


You had 5 spell levels left.
You didn't know any spells.
Your spell library was empty.

Dungeon Overview and Level Annotations

Branches:
Dungeon (1/1)

Altars:
Ashenzari
Cheibriados
Dithmenos
Elyvilon
Fedhas
Gozag
Hepliaklqana
Kikubaaqudgha
Makhleb
Nemelex Xobeh
Okawaru
Qazlal
Ru
Sif Muna
Trog
Uskayaw
Vehumet
Wu Jian
Xom
Yredelemnul
Zin
The Shining One
Jiyva
Lugonu


Innate Abilities, Weirdness & Mutations

You are too large for most types of armour.
You have tough skin. (AC +1)


Message History

You have reached level 6!
You feel stronger.
You slash the bat! You freeze the bat.
You kill the bat!
Okawaru accepts your kill.
Unknown command.
You slash the ice beast!
The ice beast is moderately wounded.
Unknown command.
You slash the ice beast!
You kill the ice beast!
Okawaru is honoured by your kill.
Your Axes skill increases to level 7!
Your Stealth skill increases to level 1!
Your Invocations skill increases to level 3!
You hit something. You freeze something. Something hits you.
Something shocks you.
You miss something. You closely miss something. Something hits you.
Something shocks you.
* * * LOW HITPOINT WARNING * * *
You miss something. Something hits you.
* * * LOW HITPOINT WARNING * * *
Something shocks you.
* * * LOW HITPOINT WARNING * * *
You miss something. You closely miss something. Something hits you.
* * * LOW HITPOINT WARNING * * *
Something shocks you.
* * * LOW HITPOINT WARNING * * *
You barely miss something. Something hits you.
* * * LOW HITPOINT WARNING * * *
Something shocks you.
* * * LOW HITPOINT WARNING * * *
You miss something. You barely miss something.
Something hits you but does no damage.
You closely miss something. Something hits you but does no damage.
You slash something! You freeze something. Something hits you.
* * * LOW HITPOINT WARNING * * *
Something shocks you.
You die...

#.#[[###'####......
#.##'#..†..##...<..
#.#........##......
#.#........##......
#'###########......
#.......# #######
#..#.#..# #.##.##.#
#.@{....# #.##.##.#
#.. # #... #####


There were no monsters in sight!

Vanquished Creatures
  A black bear (D)
  An ice beast (D)
  A phantom (D)
  An iron imp (D)
  2 gnolls (D)
  A bat (D)
  A giant cockroach (D)
  A quokka (D)
  2 ball pythons (D)
  A frilled lizard (D)
  2 rats (D)
14 creatures vanquished.

Notes
Turn   | Place    | Note
-------+----------+-------------------------------------------
     0 | D        | mhtbhm the Ogre Fighter began the quest for the Orb.
     0 | D        | Reached XP level 1. HP: 24/24 MP: 1/1
    18 | D        | Found a bloodstained altar of Trog.
    18 | D        | Found a shimmering blue altar of Sif Muna.
    18 | D        | Found a viscous altar of Jiyva.
    18 | D        | Found a hazy altar of Hepliaklqana.
    18 | D        | Found an opulent altar of Gozag.
    19 | D        | Found a glowing golden altar of the Shining One.
    19 | D        | Found a glowing silver altar of Zin.
    19 | D        | Found a basalt altar of Yredelemnul.
    19 | D        | Found a shimmering altar of Xom.
    19 | D        | Found an ornate altar of the Wu Jian Council.
    19 | D        | Found a sacrificial altar of Ru.
    19 | D        | Found a stormy altar of Qazlal.
    19 | D        | Found an iron altar of Okawaru.
    19 | D        | Found a sparkling altar of Nemelex Xobeh.
    19 | D        | Found a burning altar of Makhleb.
    19 | D        | Found a blossoming altar of Fedhas.
    19 | D        | Found a white marble altar of Elyvilon.
    19 | D        | Found a shadowy altar of Dithmenos.
    19 | D        | Found a snail-covered altar of Cheibriados.
    21 | D        | Found a radiant altar of Vehumet.
    21 | D        | Found a corrupted altar of Lugonu.
    22 | D        | Found a hide-covered altar of Uskayaw.
    22 | D        | Found an ancient bone altar of Kikubaaqudgha.
    22 | D        | Found a broken altar of Ashenzari.
    31 | D        | Became a worshipper of Warmaster Okawaru
    76 | D        | Reached skill level 5 in Fighting
    76 | D        | Reached XP level 2. HP: 14/35 MP: 2/2
   275 | D        | Reached XP level 3. HP: 33/42 MP: 3/3
   347 | D        | Reached skill level 6 in Fighting
   425 | D        | Noticed a phantom
   449 | D        | Killed a phantom
   449 | D        | Reached * piety under Okawaru
   450 | D        | Reached skill level 7 in Fighting
   450 | D        | Reached skill level 5 in Axes
   450 | D        | Reached skill level 5 in Shields
   450 | D        | Reached XP level 4. HP: 31/55 MP: 4/4
   450 | D        | Reached XP level 5. HP: 35/62 MP: 5/5
   584 | D        | Noticed a black bear
   584 | D        | Noticed an ice beast
   586 | D        | Noticed a sky beast
   599 | D        | Killed a black bear
   600 | D        | Reached skill level 8 in Fighting
   600 | D        | Reached skill level 5 in Dodging
   600 | D        | Reached XP level 6. HP: 46/72 MP: 5/8
   602 | D        | Killed an ice beast
   603 | D        | Reached skill level 1 in Stealth
   613 | D        | HP: 4/111 [something (4)]
   613 | D        | Slain by a sky beast

Illustrated notes

Levels and vault maps discovered:
D:        pitsprint [storerooms_1, entrance_room_1, metal_vault_8, armoury_2,
          mini_pit_1, grid_room_1, main_hall_1, silver_pit, the_coven_3,
          the_vestibule_1, steel_vault_4, golden_pit, hallway_of_sentries,
          crystal_vault_2, iron_vault_1, final_vault]

Skill      XL: |  1  2  3  4  5  6 |
---------------+-------------------+-----
Fighting       | 5 7 8 |  8.6
Dodging        | 3 4 5 |  5.9
Shields        | 4 5 6 |  6.4
Axes           | 3 5 6 7 |  7.5
Invocations    | 2 3 |  3.9
Stealth        | 1 |  1.1

Action                   |  1- 3 |  4- 6 || total
-------------------------+-------+-------++-------
Melee: Hand axe          |    39 |    25 ||    64
       War axe           |     2 |       ||     2
  Use: Potion            |     1 |     2 ||     3
Armor: Robe              |     6 |    10 ||    16
Dodge: Dodged            |    14 |    10 ||    24
Block: Kite shield       |    20 |     9 ||    29

Table legend: (Time is in decaauts)
 A = Elapsed time spent in this place.
 B = Non-inter-level travel time spent in this place.
 C = Inter-level travel time spent in this place.
 D = Time resting spent in this place.
 E = Time spent auto-exploring this place.
 F = Levels seen in this place.
 G = Mean time per level.
                   A        B        C        D        E       F      G
               +--------+--------+--------+--------+--------+-----+--------+
         Total |    621 |    621 |      0 |    391 |     28 |   1 |  621.0 |
       Dungeon |    621 |    621 |      0 |    391 |     28 |   1 |  621.0 |
               +--------+--------+--------+--------+--------+-----+--------+

Top non-repeatable levels by time:
       D: 621 daAuts
